[Event "Titled Tuesday Blitz February 14 Early 2023"]
[White "Panesar Vedant"]
[Black "Turzo, Attila"]
[WhiteFideId "35033018"]
[BlackFideId "704954"]
[WhiteElo "2387"]
[BlackElo "2279"]
[Result "1-0"]
[Round "11"]
[TimeControl "180+2"]
[Date "2023.02.14"]
[WhiteClock "0:00:29"]
[BlackClock "0:00:11"]

1. Nf3 Nf6 2. c4 g6 3. Nc3 Bg7 4. e4 e5 5. Be2 O-O 6. O-O Re8 7. Re1 c5 8. a3 Nc6 9. Rb1 a5 10. d3 d6 11. Bg5 h6 12. Bxf6 Bxf6 13. Nd5 Bg7 14. Nd2 Be6 15. Bg4 Bxd5 16. cxd5 Nd4 17. Nb3 a4 18. Nxd4 exd4 19. f4 b5 20. Rc1 Rb8 21. Re2 h5 22. Bh3 Bh6 23. Rf2 Rb7 24. Rcc2 b4 25. axb4 Rxb4 26. g3 Qe7 27. Kg2 Reb8 28. g4 hxg4 29. Qxg4 Rb3 30. Rfd2 Qf6 31. Kg3 Kh7 32. Bf1 Re8 33. Rf2 Reb8 34. Kg2 Kg7 35. h4 Kf8 36. Kh3 R8b4 37. e5 dxe5 38. fxe5 Qxe5 39. Qxg6 Qe3+ 40. Kg2 Rb7 41. Rce2 Qc1 42. d6 Bf4 43. Qf6 Be3 44. Qh8# 1-0


[Site "https://www.chess.com"]

[Event "Titled Tuesday Blitz February 14 Early 2023"]
[White "Manukyan, Sargis A."]
[Black "Petrovic, Aleksa"]
[WhiteFideId "13303970"]
[BlackFideId "967629"]
[WhiteElo "2158"]
[BlackElo "2332"]
[Result "1-0"]
[Round "11"]
[TimeControl "180+2"]
[Date "2023.02.14"]
[WhiteClock "0:00:46"]
[BlackClock "0:00:03"]

1. d4 Nf6 2. c4 e6 3. Nc3 Bb4 4. a3 Bxc3+ 5. bxc3 c5 6. e3 O-O 7. Bd3 b6 8. Ne2 Ba6 9. O-O Nc6 10. e4 Ne8 11. Ng3 Na5 12. f4 Bxc4 13. Bxc4 Nxc4 14. f5 exf5 15. exf5 d5 16. f6 Nxf6 17. Bg5 Re8 18. Nf5 Nd6 19. Nxg7 Nde4 20. Bxf6 Nxf6 21. Nf5 Re4 22. Qf3 Qf8 23. c4 Rae8 24. cxd5 cxd4 25. d6 Kh8 26. Ne7 Re6 27. Qf4 Qg7 28. Qxd4 Rd8 29. Nf5 Qg4 30. Qc3 Rg8 31. g3 Qe2 32. Rae1 Qa2 33. Rxe6 Qxe6 34. Ne7 Qxd6 35. Nxg8 1-0


[Site "https://www.chess.com"]

[Event "Titled Tuesday Blitz February 14 Early 2023"]
[White "surrenderPLS"]
[Black "Mohamed Anees M"]
[BlackFideId "35065815"]
[WhiteElo "2491"]
[BlackElo "2315"]
[Result "0-1"]
[Round "11"]
[TimeControl "180+2"]
[Date "2023.02.14"]
[WhiteClock "0:00:09"]
[BlackClock "0:00:18"]

1. e4 c5 2. Nf3 e6 3. d4 cxd4 4. Nxd4 Nc6 5. Nc3 Qc7 6. Be3 a6 7. g4 b5 8. Nxc6 dxc6 9. Bg2 e5 10. O-O Bd6 11. Qf3 Ne7 12. a4 b4 13. Nb1 O-O 14. Nd2 Be6 15. Rfd1 Ng6 16. Bf1 Qa5 17. Nc4 Bxc4 18. Bxc4 Bc5 19. Rd7 Kh8 20. Rxf7 Rxf7 21. Bxf7 Rf8 22. Rd1 Bd4 23. Bxd4 exd4 24. Qf5 Qc7 25. Bxg6 Rxf5 26. Bxf5 g6 27. Be6 Qe5 28. Bb3 Qxe4 29. h3 a5 30. Rd3 c5 31. Kh2 Qf4+ 32. Kg2 Qc1 33. Rf3 g5 34. Rf8+ Kg7 35. Rg8+ Kf6 36. Rf8+ Ke7 37. Rf7+ Ke8 38. Rxh7 Qxb2 39. Rh8+ Ke7 40. Rh7+ Kf8 41. Rf7+ Ke8 42. Rf5 d3 43. Re5+ Qxe5 44. cxd3 Qc3 0-1


[Site "https://www.chess.com"]

[Event "Titled Tuesday Blitz February 14 Early 2023"]
[White "Manelyuk, Daniil"]
[Black "Bochnicka, Vladimir"]
[WhiteFideId "44173920"]
[BlackFideId "14943450"]
[WhiteElo "2302"]
[BlackElo "2327"]
[Result "1-0"]
[Round "11"]
[TimeControl "180+2"]
[Date "2023.02.14"]
[WhiteClock "0:01:29"]
[BlackClock "0:00:14"]

1. e4 c5 2. Nf3 Nc6 3. d4 cxd4 4. Nxd4 e5 5. Nb5 d6 6. N1c3 a6 7. Na3 Be7 8. Nd5 Nf6 9. Nxf6+ Bxf6 10. c4 O-O 11. Nc2 Bg5 12. Bd3 Be6 13. O-O Bxc1 14. Rxc1 Rc8 15. b3 Ne7 16. Be2 Ng6 17. Ne3 Nf4 18. g3 Nh3+ 19. Kg2 Ng5 20. Bg4 Nxe4 21. Bxe6 fxe6 22. Qg4 Nc5 23. Rcd1 Qe7 24. Rd2 Rf6 25. b4 Nd7 26. Rfd1 Rcf8 27. Kg1 Rg6 28. Qe2 e4 29. Rxd6 Ne5 30. c5 Nf3+ 31. Kg2 Rh6 32. Ng4 Rg6 33. Qxe4 Qg5 34. h3 h5 35. Rxe6 Rxe6 36. Qxe6+ Kh8 37. Rd5 hxg4 38. Rxg5 gxh3+ 39. Qxh3+ 1-0


[Site "https://www.chess.com"]

[Event "Titled Tuesday Blitz February 14 Early 2023"]
[White "Nguyen Hong Nhung"]
[Black "Maksimovic, Bojan"]
[WhiteFideId "12412201"]
[BlackFideId "14408120"]
[WhiteElo "2003"]
[BlackElo "2486"]
[Result "1-0"]
[Round "11"]
[TimeControl "180+2"]
[Date "2023.02.14"]
[WhiteClock "0:00:05"]
[BlackClock "0:00:02"]

1. e4 g6 2. d4 Bg7 3. Nc3 a6 4. f4 b5 5. Nf3 d6 6. e5 Nd7 7. Bd3 c5 8. Be4 Rb8 9. exd6 Ngf6 10. dxc5 Nxc5 11. Bc6+ Bd7 12. Bxd7+ Qxd7 13. O-O O-O 14. dxe7 Qxe7 15. Qe1 Qxe1 16. Rxe1 b4 17. Ne2 Rfe8 18. Bd2 Nfe4 19. Rab1 Na4 20. b3 Nac3 21. Nxc3 bxc3 22. Be3 a5 23. Red1 a4 24. bxa4 Rb2 25. Bd4 Bxd4+ 26. Nxd4 Nd2 27. Ra1 Nc4 28. Rd3 Re3 29. Rxe3 Nxe3 30. a5 Rb4 31. Nb3 Ra4 32. Rc1 Rxa2 33. g3 Nxc2 34. a6 Kg7 35. a7 Ne3 36. Ra1 Rb2 37. a8=Q Rxb3 38. Qe4 c2 39. Qd4+ Kh6 40. Rc1 f5 41. Qd8 Rb1 42. Qg5+ Kg7 43. Qe7+ Kh6 44. Qxe3 Kh5 45. Kg2 Kg4 46. Rxc2 1-0


[Site "https://www.chess.com"]

[Event "Titled Tuesday Blitz February 14 Early 2023"]
[White "Robledo, Cristian"]
[Black "Yuan, Qingyu"]
[WhiteFideId "133450"]
[BlackFideId "8609772"]
[WhiteElo "2270"]
[BlackElo "2373"]
[Result "0-1"]
[Round "11"]
[TimeControl "180+2"]
[Date "2023.02.14"]
[WhiteClock "0:00:02"]
[BlackClock "0:00:15"]

1. d4 Nf6 2. Bg5 d5 3. Bxf6 gxf6 4. e3 c5 5. c4 dxc4 6. d5 b5 7. a4 Qa5+ 8. Qd2 b4 9. Bxc4 f5 10. Nf3 Bg7 11. O-O Nd7 12. Nh4 Nb6 13. Bb5+ Kf8 14. d6 Be6 15. Rd1 Rd8 16. dxe7+ Kxe7 17. Qc1 Rxd1+ 18. Qxd1 Bxb2 19. Nd2 Rd8 20. Qc2 Rxd2 21. Qxc5+ Kf6 22. Rb1 Nxa4 23. Qf8 Qxb5 24. Nf3 Rd7 25. Qg8 Ke7 26. Qxh7 Qd3 27. Rf1 Bc4 28. Re1 Bc3 29. Qh4+ Bf6 30. Qh5 Nc3 31. Nh4 Be6 32. Nf3 b3 33. Qh7 b2 34. g4 b1=Q 35. Rxb1 Qxb1+ 36. Kg2 Qe4 37. g5 Qg4+ 38. Kf1 Bc4+ 39. Ke1 Rd1# 0-1


[Site "https://www.chess.com"]

[Event "Titled Tuesday Blitz February 14 Early 2023"]
[White "Yurovskykh, Oleksandr"]
[Black "EREBUNI91"]
[WhiteFideId "14134020"]
[WhiteElo "2328"]
[BlackElo "2719"]
[Result "1/2-1/2"]
[Round "11"]
[TimeControl "180+2"]
[Date "2023.02.14"]
[WhiteClock "0:00:21"]
[BlackClock "0:00:07"]

1. d4 Nf6 2. Nf3 e6 3. Bf4 d5 4. e3 Bd6 5. Bg3 b6 6. c4 O-O 7. cxd5 exd5 8. Nc3 c6 9. Bd3 Re8 10. Bxd6 Qxd6 11. O-O Ba6 12. Bxa6 Nxa6 13. Rc1 Nc7 14. Ne2 Ne6 15. Ng3 g6 16. Qa4 c5 17. dxc5 bxc5 18. Rfd1 Red8 19. e4 Qf4 20. Re1 dxe4 21. Nxe4 Nxe4 22. Qxe4 Rab8 23. b3 Rd6 24. g3 Qxe4 25. Rxe4 Rbd8 26. Ra4 R8d7 27. Kg2 Kg7 28. h4 Rc7 29. Rac4 Rcd7 30. R1c2 Rd1 31. Ra4 Ra1 32. Ne5 Rdd1 33. Nf3 Rd7 34. Ra6 h6 35. Re2 Nd4 36. Nxd4 cxd4 37. Rd2 d3 38. Kf3 Re1 39. b4 Re5 40. Ra3 Rf5+ 41. Kg2 Rfd5 42. Rb3 Kf6 43. a4 Ke5 44. Kf3 Kf6 45. b5 Rf5+ 46. Kg2 Rfd5 47. a5 Ke5 48. b6 axb6 49. axb6 Rb7 50. Kf3 Rd6 51. Rdxd3 Rxd3+ 52. Rxd3 Rxb6 53. Rd7 Kf6 54. Ra7 h5 55. Ra3 Rb4 56. Rc3 Kg7 57. Rd3 Rb5 58. Re3 Rf5+ 59. Kg2 f6 60. Rf3 Rd5 61. Ra3 Kf7 62. Ra4 Ke6 63. Kf3 Rd6 64. Re4+ Kf7 65. Re3 Re6 66. Rxe6 Kxe6 67. Ke4 g5 68. f3 f5+ 69. Kd4 f4 70. gxf4 gxh4 71. Ke3 Kf5 72. Kf2 Kxf4 73. Kg2 Kf5 74. Kh3 Kg5 75. f4+ Kxf4 76. Kxh4 Ke5 77. Kxh5 1/2-1/2


[Site "https://www.chess.com"]

[Event "Titled Tuesday Blitz February 14 Early 2023"]
[White "Alex_Sahakyan2006"]
[Black "Cori T., Deysi"]
[BlackFideId "3801934"]
[WhiteElo "2715"]
[BlackElo "2362"]
[Result "1-0"]
[Round "11"]
[TimeControl "180+2"]
[Date "2023.02.14"]
[WhiteClock "0:02:40"]
[BlackClock "0:01:27"]

1. f4 d6 2. Nf3 Bg4 3. e4 Nd7 4. Bc4 Bxf3 5. Qxf3 Ngf6 6. Qb3 e6 7. Qxb7 Rb8 8. Qc6 Rb6 9. Qa4 Nxe4 10. Bxe6 fxe6 11. Qxe4 Qf6 12. Qa8+ Rb8 13. Qxa7 Qxf4 14. Nc3 d5 15. d3 Qh4+ 16. Qf2 Qxf2+ 17. Kxf2 Bc5+ 18. Ke2 O-O 19. Rf1 Rxf1 20. Kxf1 Rf8+ 21. Ke1 Rf2 22. Ne2 Rxg2 23. a4 Ne5 24. d4 Nf3+ 25. Kf1 Rxh2 26. dxc5 1-0


[Site "https://www.chess.com"]

[Event "Titled Tuesday Blitz February 14 Early 2023"]
[White "Starozhilov, Leonid"]
[Black "Pinheiro, Iung Alicio de O."]
[WhiteFideId "14106752"]
[BlackFideId "2104350"]
[WhiteElo "2313"]
[BlackElo "2306"]
[Result "1-0"]
[Round "11"]
[TimeControl "180+2"]
[Date "2023.02.14"]
[WhiteClock "0:00:47"]
[BlackClock "0:00:18"]

1. e4 c5 2. Nf3 Nc6 3. Bb5 e5 4. O-O Bd6 5. Bxc6 dxc6 6. d3 Ne7 7. a4 a5 8. Na3 Ng6 9. Nc4 Bc7 10. h3 O-O 11. Be3 b6 12. b3 h6 13. Nh2 f5 14. exf5 Bxf5 15. Re1 Nh4 16. f3 h5 17. Qd2 Qd7 18. Bg5 Ng6 19. h4 Rf7 20. Nf1 Raf8 21. Ng3 Bd8 22. Ne4 Be6 23. Bxd8 Qxd8 24. Qg5 Bxc4 25. Qxg6 1-0


[Site "https://www.chess.com"]

[Event "Titled Tuesday Blitz February 14 Early 2023"]
[White "Taspinar, Yanki"]
[Black "Ordekalog"]
[WhiteFideId "34561188"]
[WhiteElo "2262"]
[BlackElo "2544"]
[Result "1-0"]
[Round "11"]
[TimeControl "180+2"]
[Date "2023.02.14"]
[WhiteClock "0:00:05"]
[BlackClock "0:00:01"]

1. Nf3 d5 2. g3 c5 3. Bg2 Nc6 4. O-O Nf6 5. d4 cxd4 6. Nxd4 Na5 7. Nb3 e5 8. Bg5 Be6 9. Nc3 d4 10. Ne4 Be7 11. Nxf6+ gxf6 12. Bd2 Nc4 13. Bxb7 Nxb2 14. Qc1 Nc4 15. c3 O-O 16. Bh6 d3 17. exd3 Qxd3 18. Rd1 Qe2 19. Re1 Qh5 20. Bxf8 Rxf8 21. Qd1 Bg4 22. Qd5 Nd6 23. f3 Be6 24. Qc6 Rb8 25. Nc5 Bh3 26. Rab1 Nxb7 27. Rxb7 Rxb7 28. Nxb7 Kg7 29. Qe4 Bc8 30. Na5 Bc5+ 31. Kh1 Bf5 32. Qe2 Qh3 33. Nc4 Be6 34. Nd2 Bb6 35. Ne4 Qf5 36. Qg2 Bd5 37. Nd2 Qd3 38. Ne4 Qc4 39. Qe2 Qc6 40. g4 h5 41. h3 h4 42. Kg2 Qc7 43. Rd1 Qc6 44. Qd3 Bc4 45. Qd2 Be6 46. Re1 Qa4 47. Qe2 Qa3 48. Qd2 Qe7 49. Rd1 Bc4 50. Qe1 Be6 51. Qxh4 Qa3 52. Qxf6+ Kg8 53. Qg5+ Kf8 54. Rd2 Qe7 55. Qh6+ Ke8 56. Nf6+ 1-0


[Site "https://www.chess.com"]

[Event "Titled Tuesday Blitz February 14 Early 2023"]
[White "Kumala, Aleksander"]
[Black "Weetik, Vjacheslav"]
[WhiteFideId "1141880"]
[BlackFideId "4153472"]
[WhiteElo "2165"]
[BlackElo "2423"]
[Result "0-1"]
[Round "11"]
[TimeControl "180+2"]
[Date "2023.02.14"]
[WhiteClock "0:02:00"]
[BlackClock "0:00:37"]

1. d4 d5 2. Bg5 c5 3. dxc5 h6 4. Bh4 g5 5. Bg3 Bg7 6. c3 e5 7. e4 dxe4 8. Qa4+ Nc6 9. Qxe4 f5 10. Qe2 f4 11. Qh5+ Kf8 12. Bc4 Qe7 13. Ne2 Nf6 14. Qg6 fxg3 15. fxg3 e4 16. b4 Ne5 17. Qxg7+ Kxg7 18. Bb3 Nd3+ 19. Kd2 Nf2 20. Rf1 e3+ 21. Kc2 Bf5+ 22. Kb2 a5 23. Nd4 Bd7 24. Na3 axb4 25. cxb4 Qe5 26. Nc2 Bf5 27. Kc1 Bxc2 28. Nxc2 Nd3+ 29. Kd1 e2+ 30. Kd2 exf1=Q 31. Rxf1 Rad8 32. Ne3 Nf4+ 33. Kc2 Qxe3 34. gxf4 Rd2+ 35. Kb1 Qd3+ 36. Bc2 Qxc2+ 37. Ka1 Qxa2# 0-1


[Site "https://www.chess.com"]

[Event "Titled Tuesday Blitz February 14 Early 2023"]
[White "Petukhov, Dmitry"]
[Black "Domingo Nunez, Ruben"]
[WhiteFideId "4142748"]
[BlackFideId "22245570"]
[WhiteElo "2350"]
[BlackElo "2416"]
[Result "1-0"]
[Round "11"]
[TimeControl "180+2"]
[Date "2023.02.14"]
[WhiteClock "0:01:15"]
[BlackClock "0:00:18"]

1. e4 g6 2. h4 Bg7 3. h5 d5 4. Nc3 dxe4 5. Nxe4 Qd5 6. d3 Nc6 7. h6 Be5 8. Nf3 Bg4 9. Be2 Nf6 10. Nxe5 Bxe2 11. Nxf6+ exf6 12. Qxe2 fxe5 13. Qe4 Qxe4+ 14. dxe4 Nd4 15. Kd2 O-O-O 16. Kc3 Rd6 17. Be3 Rc6+ 18. Kd3 Rd8 19. Bxd4 Rxd4+ 20. Ke3 Rxc2 21. f4 Rcc4 22. fxe5 Rxe4+ 23. Kd3 Rcd4+ 24. Kc3 Rd5 25. Raf1 Re3+ 26. Kc4 c6 27. Rxf7 a5 28. a4 Rdxe5 29. Rxh7 b6 30. Rh4 Re2 31. Rf4 Rh5 32. Rf8+ 1-0


[Site "https://www.chess.com"]

[Event "Titled Tuesday Blitz February 14 Early 2023"]
[White "Tan, Jun Ying"]
[Black "Jaskolka, Tomasz"]
[WhiteFideId "5710413"]
[BlackFideId "1170791"]
[WhiteElo "2307"]
[BlackElo "2238"]
[Result "1-0"]
[Round "11"]
[TimeControl "180+2"]
[Date "2023.02.14"]
[WhiteClock "0:00:18"]
[BlackClock "0:00:10"]

1. d4 d5 2. c4 e5 3. dxe5 d4 4. Nf3 Nc6 5. a3 a5 6. e3 Bc5 7. exd4 Bxd4 8. Nxd4 Qxd4 9. Nc3 Qxd1+ 10. Kxd1 Nxe5 11. Nd5 Bg4+ 12. f3 Rd8 13. fxg4 c6 14. Bf4 Ng6 15. Bg3 cxd5 16. Kc2 N8e7 17. cxd5 Rxd5 18. Bc4 Rd4 19. Bb5+ Nc6 20. Rhe1+ Kd8 21. Rad1 Rxd1 22. Rxd1+ Kc8 23. Bxc6 bxc6 24. Rd6 Ne7 25. Be1 Kc7 26. Rd4 Ra8 27. Ra4 Kb6 28. b4 Nd5 29. bxa5+ Kb5 30. Re4 Ra7 31. g5 Re7 32. Rxe7 Nxe7 33. Kd3 Nd5 34. g3 Nc7 35. Bc3 g6 36. Ke4 Ne6 37. h4 Nc5+ 38. Ke5 Nd7+ 39. Kd6 Nc5 40. Ke7 Ne4 41. Be1 c5 42. Kxf7 c4 43. Kg7 Nd6 44. Kxh7 Ne4 45. Kxg6 Nc5 46. h5 Nd3 47. Bc3 Nc5 48. h6 Ne4 49. Be1 c3 50. Bxc3 Nxc3 51. h7 Nd5 52. h8=Q Kxa5 53. Qa8+ Kb5 54. Qxd5+ Ka4 55. Kf6 Kxa3 56. g6 Kb4 57. g7 Ka3 58. g8=Q Kb2 59. Qb3+ Kc1 60. Qgc4+ Kd2 61. Qbd3+ Ke1 62. Qe2# 1-0


[Site "https://www.chess.com"]

[Event "Titled Tuesday Blitz February 14 Early 2023"]
[White "Derjabin, Ilja"]
[Black "Cunha, Lucas Aguiar"]
[WhiteFideId "14104768"]
[BlackFideId "2125404"]
[WhiteElo "2333"]
[BlackElo "2309"]
[Result "0-1"]
[Round "11"]
[TimeControl "180+2"]
[Date "2023.02.14"]
[WhiteClock "0:00:09"]
[BlackClock "0:00:19"]

1. d4 f6 2. e4 e6 3. Nf3 c6 4. Bd3 d5 5. Nbd2 Bd6 6. e5 Bc7 7. exf6 Nxf6 8. O-O O-O 9. Re1 c5 10. c3 cxd4 11. cxd4 Nc6 12. Nf1 g6 13. Ng3 Bd7 14. Bg5 Qe7 15. Ne5 Be8 16. Rc1 Qd6 17. Bh6 Bb6 18. Bxf8 Kxf8 19. Nxc6 Bxc6 20. Qd2 Kg7 21. Bb1 Rf8 22. a3 Ng4 23. h3 Nf6 24. Rcd1 Nd7 25. Qg5 e5 26. Nf5+ Rxf5 27. Bxf5 Bxd4 28. Rxd4 exd4 29. Re7+ Kg8 30. Bxd7 Bxd7 31. Qe5 Qxe5 32. Rxe5 Bc6 33. Re7 d3 34. Re3 Bb5 35. Re1 Ba4 0-1


[Site "https://www.chess.com"]

[Event "Titled Tuesday Blitz February 14 Early 2023"]
[White "Vlassov, Nikolai"]
[Black "Ramirez Allo, Eduardo"]
[WhiteFideId "4103360"]
[BlackFideId "2224178"]
[WhiteElo "2283"]
[BlackElo "2274"]
[Result "1-0"]
[Round "11"]
[TimeControl "180+2"]
[Date "2023.02.14"]
[WhiteClock "0:00:50"]
[BlackClock "0:00:02"]

1. e4 c5 2. c3 d5 3. exd5 Qxd5 4. d4 Nc6 5. Nf3 Bg4 6. Be2 Nf6 7. dxc5 Qxc5 8. Be3 Qa5 9. Qb3 Qc7 10. Na3 e6 11. Nb5 Qa5 12. O-O-O Nd5 13. Rxd5 exd5 14. Bf4 O-O-O 15. Bc7 Qxc7 16. Nxc7 Kxc7 17. Rd1 Be6 18. Ng5 Bc5 19. Nxe6+ fxe6 20. Qa4 Rhf8 21. f3 h6 22. Qg4 Rde8 23. Qxg7+ Kb8 24. Qxh6 Rh8 25. Qd2 Ne5 26. Kb1 Bd6 27. c4 Bc7 28. cxd5 exd5 29. h3 Rd8 30. Bd3 d4 31. Be4 Rd6 32. b3 Rhd8 33. h4 Bb6 34. h5 d3 35. h6 Bc5 36. h7 b6 37. Qg5 Nf7 38. Qe7 Nh8 39. Qb7# 1-0


[Site "https://www.chess.com"]

[Event "Titled Tuesday Blitz February 14 Early 2023"]
[White "Pajeken, Jakob Leon"]
[Black "Fiorito, Francisco"]
[WhiteFideId "12942839"]
[BlackFideId "180165"]
[WhiteElo "2417"]
[BlackElo "2305"]
[Result "0-1"]
[Round "11"]
[TimeControl "180+2"]
[Date "2023.02.14"]
[WhiteClock "0:00:50"]
[BlackClock "0:00:42"]

1. e4 c5 2. Nf3 Nc6 3. Na3 g6 4. d4 cxd4 5. Nxd4 Bg7 6. Be3 Nf6 7. f3 O-O 8. c4 d6 9. Be2 Qa5+ 10. Kf2 Qe5 11. Nac2 Nh5 12. Qd2 Nf6 13. Rad1 Qh5 14. h3 Bd7 15. Bd3 Ne5 16. g3 Rac8 17. b3 a6 18. f4 Nxd3+ 19. Qxd3 Bxh3 20. Qe2 Qxe2+ 21. Kxe2 Bg4+ 22. Nf3 Nxe4 0-1


[Site "https://www.chess.com"]

[Event "Titled Tuesday Blitz February 14 Early 2023"]
[White "Khamdamova, Afruza"]
[Black "Sharapov, Evgeny"]
[WhiteFideId "14210444"]
[BlackFideId "14103133"]
[WhiteElo "2162"]
[BlackElo "2375"]
[Result "0-1"]
[Round "11"]
[TimeControl "180+2"]
[Date "2023.02.14"]
[WhiteClock "0:00:08"]
[BlackClock "0:00:20"]

1. e4 c5 2. Nf3 d6 3. Nc3 e5 4. Bc4 Be7 5. O-O Nf6 6. d3 O-O 7. Bg5 Nfd7 8. Bxe7 Qxe7 9. Nd5 Qd8 10. Nd2 Nf6 11. f4 Nxd5 12. Bxd5 exf4 13. Rxf4 Nc6 14. Qh5 Be6 15. Raf1 Bxd5 16. exd5 Ne5 17. Ne4 h6 18. Nf6+ Kh8 19. Ng4 Nxg4 20. Rxg4 f6 21. Rg6 Qe7 22. Qf5 Rae8 23. h3 Qe5 24. Qf3 Qe3+ 25. Rf2 Qxf3 26. gxf3 Re5 27. Rfg2 Rf7 28. R6g4 Rxd5 29. Re4 Re5 30. Rge2 Rfe7 31. Kf2 f5 32. Rxe5 Rxe5 33. Rd2 f4 34. d4 Rd5 35. c3 Kh7 36. Ke2 Rh5 37. dxc5 dxc5 38. Rd7 Rxh3 39. Rxb7 Rh2+ 40. Kd3 h5 41. Ke4 h4 42. Kxf4 Rg2 43. Rc7 h3 44. Rxc5 g5+ 45. Kf5 h2 46. Rc8 h1=Q 47. Rc7+ Kg8 48. Rc8+ Kf7 49. Rc7+ Ke8 0-1


[Site "https://www.chess.com"]

[Event "Titled Tuesday Blitz February 14 Early 2023"]
[White "Womacka, Mathias"]
[Black "Ambartsumova, Karina"]
[WhiteFideId "4611390"]
[BlackFideId "4166299"]
[WhiteElo "2396"]
[BlackElo "2393"]
[Result "0-1"]
[Round "11"]
[TimeControl "180+2"]
[Date "2023.02.14"]
[WhiteClock "0:00:01"]
[BlackClock "0:00:07"]

1. e4 c5 2. Nf3 Nc6 3. d4 cxd4 4. Nxd4 Qb6 5. Nb3 Nf6 6. Nc3 e6 7. Bd3 a6 8. O-O h5 9. Bf4 d6 10. a4 Be7 11. a5 Qc7 12. Qd2 Bd7 13. Na4 Ne5 14. Nb6 Rd8 15. c4 Bc6 16. Rfe1 Ng6 17. Bg5 Ng4 18. h3 N4e5 19. Bf1 f6 20. Be3 Bxe4 21. Bd4 Qc6 22. Bc3 Nh4 23. Nd4 Bxg2 24. Rxe5 dxe5 25. Nxc6 Rxd2 26. Bxd2 Bxc6 27. Be2 Kf7 28. b4 Nf3+ 29. Bxf3 Bxf3 30. b5 Rd8 31. Be3 f5 32. bxa6 bxa6 33. Na4 f4 34. Bb6 Rd2 35. Nc5 Bh4 36. Nxa6 e4 37. Nc7 e3 38. fxe3 Bf2+ 39. Kf1 fxe3 40. a6 Rd1+ 41. Rxd1 e2+ 42. Kxf2 exd1=Q 43. a7 Qe2+ 44. Kg3 g5 45. Bf2 h4+ 0-1


[Site "https://www.chess.com"]

[Event "Titled Tuesday Blitz February 14 Early 2023"]
[White "Maksimenko, Viktor"]
[Black "Manukian, Artak"]
[WhiteFideId "13710478"]
[BlackFideId "13301373"]
[WhiteElo "2196"]
[BlackElo "2196"]
[Result "1/2-1/2"]
[Round "11"]
[TimeControl "180+2"]
[Date "2023.02.14"]
[WhiteClock "0:00:47"]
[BlackClock "0:00:02"]

1. g4 e5 2. Bg2 d5 3. h3 c5 4. c4 d4 5. d3 Nc6 6. Nd2 h5 7. gxh5 Rxh5 8. Ne4 f5 9. Ng3 Rh4 10. Nf3 Rh8 11. Qa4 Bd7 12. Qb3 Qc7 13. Ng5 Nh6 14. Bd2 O-O-O 15. O-O-O Be7 16. Kb1 Kb8 17. Ka1 Rdf8 18. Bd5 Nb4 19. Bxb4 cxb4 20. Ne6 Bxe6 21. Bxe6 g6 22. Bd5 Ng8 23. Rc1 Nf6 24. Bf3 Rh4 25. Qc2 Nd7 26. Bg2 Nc5 27. Nf1 a5 28. Nd2 a4 29. Bd5 Bg5 30. Nf3 Bxc1 31. Nxh4 Bh6 32. Nxg6 Rd8 33. Nh4 b3 34. Qd1 a3 35. Nxf5 axb2+ 36. Kxb2 Qa5 37. axb3 Qc3+ 38. Kb1 Nxb3 39. Ka2 Nc1+ 40. Kb1 Nb3 41. Ka2 Nc1+ 42. Kb1 Nb3 1/2-1/2


[Site "https://www.chess.com"]

[Event "Titled Tuesday Blitz February 14 Early 2023"]
[White "Bodnaruk, Anastasia"]
[Black "Alahakoon, Isuru"]
[WhiteFideId "4181751"]
[BlackFideId "9900993"]
[WhiteElo "2350"]
[BlackElo "1819"]
[Result "0-1"]
[Round "11"]
[TimeControl "180+2"]
[Date "2023.02.14"]
[WhiteClock "0:00:01"]
[BlackClock "0:00:12"]

1. e4 d5 2. exd5 Qxd5 3. Nc3 Qa5 4. d4 Nf6 5. Nf3 Bg4 6. h3 Bh5 7. Bc4 Nc6 8. g4 Bg6 9. Bd2 O-O-O 10. Qe2 Nb4 11. O-O e6 12. Ne5 Nxc2 13. Nb5 Qb6 14. Rac1 Nxd4 15. Nxd4 Qxd4 16. Bc3 Qe4 17. Ba5 Qxe2 18. Bxe2 Bd6 19. f4 Bxe5 20. fxe5 Nd5 21. Bc4 b6 22. Bd2 Kb7 23. Rf2 h5 24. Bg5 Rd7 25. Bb5 Rhd8 26. Bc6+ Kc8 27. Kh2 hxg4 28. hxg4 Nb4 29. Bxd7+ Rxd7 30. Rd2 Nd3 31. Rc3 Nxe5 32. Rxd7 Kxd7 33. Bf4 Nxg4+ 34. Kg3 e5 35. Kxg4 exf4 36. Kxf4 c5 37. b3 Kd6 38. Rg3 b5 39. Rg5 a6 40. Ke3 Kc6 41. Kd2 c4 42. bxc4 bxc4 43. Kc3 Bd3 44. Rxg7 f5 45. Rf7 Kd5 46. Kb4 Ke4 47. Rf6 f4 48. Rxa6 f3 49. Rf6 Ke3 50. a4 f2 51. Re6+ Kd2 52. Rf6 f1=Q 53. Rxf1 Bxf1 54. a5 c3 55. a6 Bxa6 0-1


[Site "https://www.chess.com"]

[Event "Titled Tuesday Blitz February 14 Early 2023"]
[White "Shimelkov, Vasiliy"]
[Black "Gonzalez, Francisco Silva"]
[WhiteFideId "13701630"]
[BlackFideId "1512285"]
[WhiteElo "2159"]
[BlackElo "2021"]
[Result "1-0"]
[Round "11"]
[TimeControl "180+2"]
[Date "2023.02.14"]
[WhiteClock "0:01:13"]
[BlackClock "0:01:16"]

1. d4 Nf6 2. c4 e6 3. g3 d5 4. Nf3 dxc4 5. Bg2 Nc6 6. Qa4 Bb4+ 7. Bd2 Nd5 8. Bxb4 Nxb4 9. O-O O-O 10. a3 b5 11. Qxb5 Nc2 12. Qxc6 Bd7 13. Qxc4 Nxa1 14. Nbd2 Rb8 15. Rxa1 Bb5 16. Qc3 Bxe2 17. b4 a5 18. Ne5 Qd6 19. Ne4 Qa6 20. bxa5 Qb5 21. Nc5 Qb1+ 22. Qe1 Qb2 23. Ncd7 Qxd4 24. Nxb8 Qxe5 25. Nd7 Qd4 26. Nxf8 g5 27. Rc1 Bb5 28. Nxe6 fxe6 29. Qxe6+ Kf8 30. Qc8+ Be8 31. Qxc7 Qd3 32. Qc5+ Qd6 33. Qxd6+ Kg7 34. Rc7+ Kg8 35. Qe7 Bf7 36. Qxf7+ 1-0


[Site "https://www.chess.com"]

[Event "Titled Tuesday Blitz February 14 Early 2023"]
[White "Jovic, Stanoje"]
[Black "Escalona Landi, Samid Eduardo"]
[WhiteFideId "905020"]
[BlackFideId "3937437"]
[WhiteElo "2075"]
[BlackElo "2218"]
[Result "1-0"]
[Round "11"]
[TimeControl "180+2"]
[Date "2023.02.14"]
[WhiteClock "0:00:14"]
[BlackClock "0:00:02"]

1. c4 g6 2. g3 Bg7 3. Bg2 d6 4. Nc3 Nc6 5. Nf3 Bd7 6. O-O Qc8 7. d4 Bh3 8. e4 h5 9. d5 Ne5 10. Nxe5 Bxe5 11. f4 Bg7 12. e5 dxe5 13. fxe5 Bxe5 14. Qf3 Nf6 15. Bg5 h4 16. Rae1 Bd4+ 17. Be3 Bxg2 18. Qxg2 Bxc3 19. bxc3 hxg3 20. hxg3 O-O 21. Bd4 Qd7 22. Qh2 Qd6 23. c5 Qxd5 24. Rxf6 exf6 25. Bxf6 Qxc5+ 26. Bd4 Qh5 27. Qf2 Rfe8 28. Rf1 f5 29. Qb2 Re2 30. Qb3+ Kf8 31. Qb4+ Ke8 32. Bf2 Qf3 33. Qb5+ Kf7 34. Qc4+ Re6 35. Qxc7+ Re7 36. Qxe7+ Kxe7 37. Bc5+ Ke6 38. Rxf3 Kd5 39. Bd4 b5 40. a3 a5 41. Rf4 Ra6 42. g4 fxg4 43. Rxg4 Kc4 44. Be5+ Kb3 45. Rg3 Rc6 46. Bd4 Ka4 47. Rg5 1-0


[Site "https://www.chess.com"]

[Event "Titled Tuesday Blitz February 14 Early 2023"]
[White "Fiorito, Joaquin"]
[Black "Tymrakiewicz, Rafal"]
[WhiteFideId "180173"]
[BlackFideId "1108832"]
[WhiteElo "2405"]
[BlackElo "2144"]
[Result "0-1"]
[Round "11"]
[TimeControl "180+2"]
[Date "2023.02.14"]
[WhiteClock "0:00:03"]
[BlackClock "0:00:05"]

1. d4 d5 2. Nc3 c6 3. Bf4 Qb6 4. Rb1 Bf5 5. e3 Nf6 6. Bd3 e6 7. Nf3 Nbd7 8. h3 Bb4 9. O-O O-O 10. Ne2 Rfe8 11. a3 Bf8 12. Ng3 Bxd3 13. Qxd3 c5 14. c3 Bd6 15. Ne5 Bxe5 16. dxe5 c4 17. Qd2 g5 18. Bxg5 Nxe5 19. Bxf6 Nd3 20. Ne2 e5 21. Bh4 Re6 22. Nc1 e4 23. Nxd3 exd3 24. b3 Qc6 25. bxc4 dxc4 26. Bg3 Rd8 27. Rb2 b5 28. Rfb1 Rd5 29. a4 a6 30. axb5 axb5 31. Ra1 Rg6 32. e4 Rdg5 33. Qe3 h5 34. h4 Rg4 35. Re1 Kh7 36. Qd4 f5 37. Qe5 f4 38. Rxb5 fxg3 39. f3 Rxh4 40. Rc5 Qb6 41. Qe7+ Kh6 42. Qxh4 Qxc5+ 43. Kh1 Qf2 44. Qf4+ Kh7 45. Ra1 Rg7 46. Qf5+ Rg6 47. Qd7+ Kh6 48. Rb1 d2 49. Rg1 Qe1 50. Qd6 Rxd6 0-1


[Site "https://www.chess.com"]